 Dungeon Sprint DCSS version 0.20-b1-18-gaa2fd62 (webtiles) character file.

1252 potatolord6000 the Covert (level 8, -14/47 HPs)
             Began as a Spriggan Assassin on May 24, 2017.
             Was an Initiate of Gozag.
             Killed from afar by a gargoyle (28 damage)
             ... with a stone arrow
             ... in the Dungeon (Sprint IX: "|||||||||||||||||||||||||||||").
             The game lasted 00:02:06 (205 turns).

potatolord6000 the Covert (Spriggan Assassin)        Turns: 205, Time: 00:02:07

Health: -14/47     AC:  3    Str:  7    XL:     8   Next: 26%
Magic:  9/9        EV: 32    Int: 16    God:    Gozag
Gold:   378        SH:  0    Dex: 19    Spells: 7/7 levels left

rFire    . . .     SeeInvis +   n - +2 rapier (elec)
rCold    . . .     Gourm    .   (shield restricted)
rNeg     . . .     Faith    .   c - +0 robe
rPois    .         Spirit   .   (helmet restricted)
rElec    .         Reflect  .   d - +0 cloak
rCorr    .         Harm     .   (gloves unavailable)
MR       +....     NoTele   +   (boots unavailable)
Stlth    ++++++....             (no amulet)
Regen    0.2/turn               o - +2 ring of evasion
MPRegen  0.2/turn               a - +3 ring of intelligence

@: barbed spikes, very quick
A: unfitting armour, see invisible, herbivore 3, speed 3, slow metabolism 2
a: Potion Petition, Call Merchant, Bribe Branch, Renounce Religion


You were in the Dungeon.
You worshipped Gozag.
Gozag was aware of your devotion.
You were not hungry.

You visited 1 branch You collected 378 gold pieces.

Inventory:

Hand Weapons
 n - a +2 rapier of electrocution (weapon)
Armour
 c - a +0 robe (worn)
 d - a +0 cloak (worn)
Jewellery
 a - a +3 ring of intelligence (right hand)
 o - a +2 ring of evasion (left hand)
Scrolls
 e - 3 scrolls of remove curse
 f - 2 scrolls of amnesia
 m - 2 scrolls of blinking
Potions
 b - a potion of invisibility
 h - 4 potions of curing
 k - 4 potions of magic
Comestibles
 g - a bread ration


   Skills:
 + Level 7.9 Fighting
 + Level 10.2 Short Blades
 - Level 2.0 Throwing
 + Level 12.7 Dodging
 + Level 14.6 Stealth


You had 7 spell levels left.
You didn't know any spells.

Dungeon Overview and Level Annotations

Branches:
Dungeon (1/1)

Altars:
Cheibriados
Dithmenos
Elyvilon
Fedhas
Gozag
Hepliaklqana
Kikubaaqudgha
Makhleb
Nemelex Xobeh
Okawaru
Qazlal
Ru
Sif Muna
Trog
Uskayaw
Vehumet
Xom
Yredelemnul
Zin
The Shining One
Beogh
Jiyva
Lugonu


Innate Abilities, Weirdness & Mutations

You are very small and have problems with some larger weapons.
You are too small for most types of armour.
You have supernaturally acute eyesight. (SInv)
You are a herbivore.
You cover ground extremely quickly.
You need consume almost no food.


Message History

The gargoyle hurls a stone arrow at you.
The stone arrow misses you.
Unknown command.
You hit the gargoyle but do no damage.
The gargoyle is almost destroyed.
You recover from your berserk rage.
The gargoyle closely misses you.
You hit the gargoyle but do no damage.
The gargoyle is almost destroyed.
You hit the gargoyle but do no damage.
The gargoyle is almost destroyed.
The gargoyle completely misses you.
You hit the gargoyle but do no damage.
The gargoyle is almost destroyed.
You feel better.
The gargoyle hurls a stone arrow at you.
The stone arrow hits you!
Ouch! That really hurt!
You die...
Your body crumbles into a pile of gold. $$$$$ $ $ $ $$ ▓▓▓▓▓▓▓▓▓▓▓▓▓▓▓▓▓▓▓▓▓▓ +...9@$'.....)'..[[[)| ▓▓▓▓▓▓▓▓▓▓▓▓▓▓▓▓▓▓▓▓▓▓

You could see a gargoyle.

Vanquished Creatures
  An ugly thing (D)
  A manticore (D)
  A wyvern (D)
  An ice beast (D)
  A centaur (D)
  2 howler monkeys (D)
  3 worker ants (D)
  A shadow imp (D)
  A bat skeleton (D)
  2 hobgoblins (D)
  2 quokkas (D)
  A ball python zombie (D)
  2 bats (D)
  A frilled lizard (D)
  A rat (D)
21 creatures vanquished.

Notes
Turn   | Place    | Note
-------+----------+-------------------------------------------
     0 | D        | potatolord6000 the Spriggan Assassin began the quest for the Orb.
     0 | D        | Reached XP level 1. HP: 10/10 MP: 2/2
     8 | D        | Reached skill level 6 in Stealth
    29 | D        | Noticed a worker ant
    29 | D        | Noticed an ice beast
    29 | D        | Noticed a worker ant
    31 | D        | Killed a worker ant
    31 | D        | Reached skill level 7 in Stealth
    31 | D        | Reached XP level 2. HP: 14/16 MP: 3/3
    31 | D        | Reached XP level 3. HP: 16/19 MP: 4/4
    33 | D        | Killed an ice beast
    33 | D        | Reached skill level 5 in Short Blades
    33 | D        | Reached skill level 9 in Stealth
    33 | D        | Reached XP level 4. HP: 22/25 MP: 5/5
    39 | D        | Reached XP level 5. HP: 27/30 MP: 6/6
    41 | D        | Found a roughly hewn altar of Beogh.
    41 | D        | Found a snail-covered altar of Cheibriados.
    41 | D        | Found a shadowy altar of Dithmenos.
    41 | D        | Found a white marble altar of Elyvilon.
    41 | D        | Found a blossoming altar of Fedhas.
    41 | D        | Found an opulent altar of Gozag.
    42 | D        | Found a hazy altar of Hepliaklqana.
    43 | D        | Found a viscous altar of Jiyva.
    44 | D        | Found an ancient bone altar of Kikubaaqudgha.
    45 | D        | Found a corrupted altar of Lugonu.
    46 | D        | Found a burning altar of Makhleb.
    47 | D        | Found a sparkling altar of Nemelex Xobeh.
    48 | D        | Found an iron altar of Okawaru.
    49 | D        | Became a worshipper of Gozag Ym Sagoz the Greedy
    50 | D        | Found a stormy altar of Qazlal.
    51 | D        | Found a sacrificial altar of Ru.
    52 | D        | Found a deep blue altar of Sif Muna.
    53 | D        | Found a bloodstained altar of Trog.
    54 | D        | Found a hide-covered altar of Uskayaw.
    55 | D        | Found a radiant altar of Vehumet.
    57 | D        | Found a shimmering altar of Xom.
    58 | D        | Found a basalt altar of Yredelemnul.
    59 | D        | Found a glowing silver altar of Zin.
    60 | D        | Found a glowing golden altar of the Shining One.
    94 | D        | Noticed a centaur
    96 | D        | Killed a centaur
    96 | D        | Reached skill level 5 in Fighting
    96 | D        | Reached skill level 10 in Stealth
   104 | D        | Reached skill level 11 in Stealth
   105 | D        | Reached XP level 6. HP: 35/35 MP: 7/7
   130 | D        | Noticed a red ugly thing
   130 | D        | Noticed a gargoyle
   130 | D        | Noticed a wyvern
   130 | D        | Noticed a manticore
   141 | D        | Killed a manticore
   141 | D        | Reached skill level 13 in Stealth
   141 | D        | Reached XP level 7. HP: 41/41 MP: 8/8
   144 | D        | Killed a wyvern
   164 | D        | Killed a red ugly thing
   164 | D        | Reached skill level 10 in Short Blades
   164 | D        | Reached skill level 14 in Stealth
   164 | D        | Reached XP level 8. HP: 46/47 MP: 9/9
   205 | D        | Killed from afar by a gargoyle

Skill      XL: |  1  2  3  4  5  6  7 |
---------------+----------------------+-----
Dodging        | 4 6 7 9 11 12 | 12.7
Stealth        | 7 9 11 13 14 | 14.6
Fighting       | 2 4 5 6 7 |  7.9
Short Blades   | 4 5 7 9 10 | 10.2
Throwing       | |  2.0

Action                   |  1- 3 |  4- 6 |  7- 9 || total
-------------------------+-------+-------+-------++-------
Melee: Dagger            |    18 |     3 |       ||    21
       Rapier            |       |    23 |    53 ||    76
  Use: Potion            |       |     4 |     2 ||     6
 Stab: Sleeping          |     4 |     4 |       ||     8
       Distracted        |       |     1 |       ||     1
Armor: Robe              |     4 |       |       ||     4
Dodge: Dodged            |    18 |    16 |    26 ||    60
